 Dungeon Crawl Stone Soup version 0.31-a0-233-g139696dc86 (webtiles) character file.

Game seed: 2009496448042766012

168 qw the Shooter (level 5, -2/31 HPs)
             Began as a Gargoyle Hexslinger on July 7, 2023.
             Was an Initiate of Okawaru.
             Slain by a gnoll
             ... wielding a +0 halberd
              (8 damage)
             ... on level 3 of the Dungeon.
             The game lasted 00:01:02 (2011 turns).

qw the Shooter (Gargoyle Hexslinger)                Turns: 2011, Time: 00:01:02

Health: -2/31      AC: 10    Str: 12    XL:     5   Next: 49%
Magic:  6/6        EV: 10    Int: 13    God:    Okawaru [......]
Gold:   174        SH:  0    Dex: 14    Spells: 5/6 levels left

rFire   . . .        b - +2 sling
rCold   . . .        (no shield)
rNeg    + . .        j - +0 ring mail
rPois   inf          (no helmet)
rElec   +            (no cloak)
rCorr   .            c - +0 pair of gloves
SInv    .            (no boots)
Will    .....        g - amulet of faith
Stlth   +            (no ring)
HPRegen 0.25/turn    (no ring)
MPRegen 0.10/turn

%: faith
@: about to teleport
A: sickness immunity, AC +4, negative energy resistance 1, electricity
resistance, torment resistance 1, petrification resistance
a: Renounce Religion


You were on level 3 of the Dungeon.
You worshipped Okawaru.
Okawaru was noncommittal.
You visited 1 branch of the dungeon, and saw 4 of its levels.

You collected 174 gold pieces.


Innate Abilities, Weirdness & Mutations

You are immune to sickness and miasma.
Your stone body is resilient. (AC +4)
You are immune to poison.
You resist negative energy. (rN+)
You are resistant to electric shocks. (rElec)
You are resistant to unholy torment.
You are immune to petrification.


   Skills:
 + Level 2.3 Fighting
 - Level 5.0 Ranged Weapons
 - Level 1.0 Armour
 - Level 1.5 Dodging
 - Level 1.0 Spellcasting
 - Level 2.6 Hexes


You had 5 spell levels left.
You knew the following spells:

 Your Spells              Type           Power      Damage    Failure   Level
a - Slow                  Hex            28%        N/A       22%         1

Your spell library contained the following spells:

 Spells                   Type           Power      Damage    Failure   Level
 Inner Flame              Hex/Fire       4%         N/A       73%         3
 Portal Projectile        Hex/Tloc       8%         N/A       73%         3
 Cause Fear               Hex            3%         N/A       91%         4

Inventory:

Hand Weapons
 a - the +8 sling of Red Wine {antimagic, Dex+5 SInv}
   (You acquired it on level 1 of the Dungeon)

   Dex:       It affects your dexterity (+5).
   SInv:      It lets you see invisible.
 b - a +2 sling (weapon)
Armour
 c - a +0 pair of gloves (worn)
 j - a +0 ring mail (worn)
 k - a +1 cloak
Jewellery
 d - an amulet of the acrobat
 g - an amulet of faith (around neck)
 i - a ring of flight
Scrolls
 l - a scroll of enchant armour {unknown}
Potions
 f - 3 potions of enlightenment
 h - 2 potions of curing

Dungeon Overview and Level Annotations

Branches:
Dungeon (4/15)
 Temple: D:4-7

Altars:
Gozag
Nemelex Xobeh
Okawaru


Message History

The gnoll barely misses you.
You shoot a sling bullet. The sling bullet hits the gnoll.
The gnoll is heavily wounded.
The gnoll completely misses you.
An endoplasm comes into view.
You shoot a sling bullet. The sling bullet hits the gnoll.
The gnoll is severely wounded.
The gnoll barely misses you.
You shoot a sling bullet. The sling bullet hits the gnoll.
The gnoll is severely wounded.
The gnoll barely misses you. The gnoll hits you but does no damage.
The endoplasm barely misses you.
You shoot a sling bullet. The sling bullet hits the endoplasm.
The endoplasm is heavily wounded.
The gnoll closely misses you. The endoplasm freezes you.
You are frozen.
You shoot a sling bullet. The sling bullet hits the endoplasm.
The endoplasm is almost dead.
The gnoll hits you from afar with a +0 halberd!
The endoplasm hits you but does no damage.
You shoot a sling bullet. The sling bullet hits the endoplasm!
You kill the endoplasm!
Okawaru accepts your kill.
The gnoll hits you but does no damage. x2
You shoot a sling bullet.
The sling bullet barely misses the gnoll.
The gnoll hits you from afar with a +0 halberd.
You shoot a sling bullet.
The sling bullet closely misses the gnoll.
The gnoll hits you from afar with a +0 halberd.
2010 ||| READING scroll of teleportation.
As you read the scroll of teleportation, it crumbles to dust.
You feel strangely unstable. The gnoll closely misses you.
You shoot a sling bullet.
The sling bullet hits the gnoll but does no damage.
The gnoll is heavily wounded.
The gnoll hits you from afar with a +0 halberd!
You die...

##..._#.###........%.....#.......
#_....#..'..#.#.#..#.##..#.......
##..._#.##..#.#.#..#.##..#.......
###.###.#.......##.#.##..##'#####
#.#.###.#...#.#.##.#.............
..#..#..#.....#.##.#.##..........
..##...##..................###.#.
...##.##......#####.######.# #.#.
...##_#....####.@...#...##.###'#.
....###...##.....#g.#...##.#.....
##.#.##.###..###.# .#...##.#.....
##.#.##.##..##...# ##...##.#...>.
........#..##...## #....##.#.....
........#.##....# #....'..#.....
##.#.####.#....# #....####.....
#.....#..#...# #....# ######'
###.#.#....## #....# #......


You could see a gnoll.

Vanquished Creatures
  Terence (D:2)
  5 adders
  A gnoll (D:3)
  A dart slug (D:3)
  3 orcs
  8 ball pythons
  8 endoplasms
  6 giant cockroaches
  8 hobgoblins
  6 quokkas
  8 bats
  14 frilled lizards
  6 kobolds (D:1)
  6 rats
81 creatures vanquished.

Notes
Turn   | Place    | Note
-------+----------+-------------------------------------------
     0 | D:1      | qw the Gargoyle Hexslinger began the quest for the Orb.
     0 | D:1      | Reached XP level 1. HP: 12/12 MP: 2/2
     0 | D:1      | 0 ||| qw: Version: 0.3-a-46-gb1f654a
     0 | D:1      | 0 ||| qw: Game counter: 3190
     0 | D:1      | 0 ||| qw: Melee chars always use a shield: true
     0 | D:1      | 0 ||| qw: God list: Okawaru
     0 | D:1      | 0 ||| qw: Allow faded altars: false
     0 | D:1      | 0 ||| qw: Do Orc after clearing Dungeon:15 true
     0 | D:1      | 0 ||| qw: Do second Lair branch before Depths: true
     0 | D:1      | 0 ||| qw: Lair rune preference: random
     0 | D:1      | 0 ||| qw: Goals: Normal
     0 | D:1      | 0 ||| PLANNING D:1-11
    63 | D:1      | Reached XP level 2. HP: 16/16 MP: 3/3
   165 | D:1      | Reached skill level 3 in Ranged Weapons
   204 | D:1      | 204 ||| FLEEEEING.
   205 | D:1      | 205 ||| FLEEEEING.
   206 | D:1      | 206 ||| FLEEEEING.
   207 | D:1      | 207 ||| FLEEEEING.
   208 | D:1      | 208 ||| FLEEEEING.
   209 | D:1      | 209 ||| FLEEEEING.
   210 | D:1      | 210 ||| FLEEEEING.
   211 | D:1      | 211 ||| FLEEEEING.
   212 | D:1      | 212 ||| FLEEEEING.
   213 | D:1      | 213 ||| FLEEEEING.
   214 | D:1      | 214 ||| FLEEEEING.
   215 | D:1      | 215 ||| FLEEEEING.
   281 | D:1      | Reached XP level 3. HP: 21/21 MP: 4/4
   532 | D:1      | 532 ||| UPGRADING to +0 leather armour.
   542 | D:1      | 542 ||| DROPPING +0 robe.
   543 | D:1      | 543 ||| UPGRADING to amulet of the acrobat.
   548 | D:1      | 548 ||| UPGRADING to amulet of faith.
   558 | D:1      | 558 ||| READING scroll labelled QATUMI EDIJYCH.
   558 | D:1      | Identified a scroll of acquirement
   558 | D:1      | 558 ||| ACQUIRING +8 sling of Red Wine {antimagic, Dex+5
                  | SInv}
   558 | D:1      | Acquired the +8 sling of Red Wine {antimagic, Dex+5 SInv}
   560 | D:1      | 560 ||| SWAPPING to +8 sling of Red Wine {antimagic, Dex+5
                  | SInv}.
   561 | D:1      | 561 ||| DROPPING +1 sling.
   562 | D:1      | 562 ||| DRINKING 2 emerald potions.
   563 | D:1      | 563 ||| DROPPING scroll of poison.
   589 | D:2      | Noticed Terence
   596 | D:2      | Killed Terence
   597 | D:2      | Reached XP level 4. HP: 20/26 MP: 1/5
   599 | D:2      | Reached skill level 4 in Ranged Weapons
   802 | D:2      | Reached XP level 5. HP: 30/30 MP: 2/6
  1114 | D:2      | 1114 ||| UPGRADING to +0 pair of gloves.
  1119 | D:2      | 1119 ||| UPGRADING to +0 ring mail.
  1129 | D:2      | 1129 ||| DROPPING +0 leather armour.
  1130 | D:2      | 1130 ||| READING scroll labelled RILEIT SEITZ.
  1135 | D:2      | 1135 ||| READING scroll labelled UQUPPE APTO.
  1136 | D:2      | 1136 ||| DRINKING 3 fizzy amethyst potions.
  1229 | D:3      | Found a faded altar of an unknown god.
  1229 | D:3      | Found an iron altar of Okawaru.
  1230 | D:3      | 1230 ||| PLANNING OKAWARU WORSHIP
  1230 | D:3      | 1230 ||| READING 3 scrolls labelled WUCKAV UMPY.
  1238 | D:3      | Found a sparkling altar of Nemelex Xobeh.
  1241 | D:3      | Became a worshipper of Warmaster Okawaru
  1242 | D:3      | 1242 ||| PLANNING D:1-11
  1245 | D:3      | Found an opulent altar of Gozag.
  1247 | D:3      | Found a faded altar of an unknown god.
  1283 | D:3      | 1283 ||| SWAPPING to +0 sling.
  1324 | D:3      | 1324 ||| READING 2 scrolls of enchant weapon.
  1324 | D:3      | 1324 ||| ENCHANTING +0 sling.
  1325 | D:3      | 1325 ||| READING scroll of enchant weapon.
  1325 | D:3      | 1325 ||| ENCHANTING +1 sling.
  1422 | D:3      | Reached skill level 1 in Armour
  1543 | D:3      | You fall into a shaft and drop 1 floor!
  1767 | D:3      | Reached skill level 5 in Ranged Weapons
  2009 | D:3      | HP: 6/31 [gnoll/+0 halberd (3)]
  2010 | D:3      | 2010 ||| READING scroll of teleportation.
  2011 | D:3      | Slain by a gnoll

Levels and vault maps discovered:
D:1:      minmay_arrival_nine_rooms, layout_rooms, serial_forest,
          infiniplex_forest_clump_double, infiniplex_forest_lined_3,
          infiniplex_forest_straight_2, infiniplex_forest_lined_2,
          minmay_lizard_pond
D:2:      layout_basic, minivault_4, grunt_ministairs_13,
          minmay_split_cup_large, uniq_terence
D:3:      minmay_evil_eye, layout_basic, chequers_temple_overflow_minitemple,
          hangedman_feature_mirror, st_stairs_10
D:4:      layout_cave_pools, hex_large, minmay_misc_feat_five

Skill      XL: |  1  2  3  4  5 |
---------------+----------------+-----
Ranged Weapons | 3 4 5 |  5.0
Fighting       | 2 |  2.3
Armour         | 1 |  1.0
Dodging        | |  1.5
Spellcasting   | |  1.0
Hexes          | |  2.6

Action                     |  1- 3 |  4- 6 || total
---------------------------+-------+-------++-------
   Fire: Sling             |   100 |   134 ||   234
    Use: Scroll            |     1 |     6 ||     7
         Potion            |     1 |     1 ||     2
 Armour: Robe              |     7 |       ||     7
         Leather armour    |       |     3 ||     3
         Ring mail         |       |    25 ||    25
  Dodge: Dodged            |    12 |    43 ||    55

Table legend:
 A = Non-vault XP
 B = Vault XP
 C = Vault XP percentage of total XP
 D = Non-vault monster count
 E = Vault monster count
 F = Vault count percentage of total count
                 A         B        C        D         E       F
            +---------+---------+-------+---------+---------+-------
      Total |     130 |     111 |  46.1 |      54 |      27 |  33.3
            +---------+---------+-------+---------+---------+-------
        D:1 |      39 |      11 |  22.0 |      24 |      11 |  31.4
        D:2 |      51 |      70 |  57.9 |      17 |       7 |  29.2
        D:3 |      37 |      30 |  44.8 |      12 |       9 |  42.9
        D:4 |       3 |       0 |   0.0 |       1 |       0 |   0.0
            +---------+---------+-------+---------+---------+-------
